 Dungeon Crawl Stone Soup version 0.22-a0-596-gfbd32a6 (webtiles) character file.

115422 robertstho the Bludgeoner (level 16, 0/106 HPs)
             Began as a Gargoyle Berserker on July 5, 2018.
             Was the Champion of Trog.
             Slain by a hog (5 damage)
             ... led by Kirke
             ... on level 6 of the Lair of Beasts.
             The game lasted 01:18:40 (24666 turns).

robertstho the Bludgeoner (Gargoyle Berserker)     Turns: 24666, Time: 01:18:42

Health: 0/106      AC:  0    Str: 24    XL:     16   Next: 68%
Magic:  16/16      EV: 16    Int:  7    God:    Trog [******]
Gold:   620        SH:  0    Dex: 14    Spells: 15/15 levels left

rFire    . . .     SeeInvis .   (weapon currently unavailable)
rCold    . . .     Gourm    .   (shield currently unavailable)
rNeg     + . .     Faith    .   (armour currently unavailable)
rPois    ∞         Spirit   .   (helmet currently unavailable)
rElec    .         Reflect  .   (cloak currently unavailable)
rCorr    .         Harm     .   (gloves currently unavailable)
MR       +....                  (boots currently unavailable)
Stlth    +.........             F - amulet of regeneration
HPRegen  0.67/turn              (ring currently unavailable)
MPRegen  0.15/turn              (ring currently unavailable)

@: pig-form, berserk cooldown, flying, slowed
A: small, negative energy resistance 1, petrification resistance, rot immunity,
AC +12
a: Berserk, Trog's Hand, Brothers in Arms, Renounce Religion


You were on level 6 of the Lair of Beasts.
You worshipped Trog.
Trog was exalted by your worship.
You were hungry.
You were a filthy swine.
You visited 4 branches of the dungeon, and saw 24 of its levels.
You also visited: Labyrinth.

You collected 3340 gold pieces.
You spent 2720 gold pieces at shops.

Inventory:

Hand Weapons
 l - a +2 great sword of holy wrath
 p - a +3 battleaxe
 t - the cursed +0 battleaxe of the Eleven Deaths {chop, +Rage MR+ Str+6 Dex+3}
   (You bought it in a shop on level 1 of the Elven Halls)

   It inflicts extra damage upon your enemies.
   It affects your strength (+6).
   It affects your dexterity (+3).
   It affects your resistance to hostile enchantments.
   It lets you go berserk.
   It has a curse placed upon it.
 y - the +5 trident "Zisol" {pierce, Str+7}
   (You found it in a labyrinth)

   It inflicts extra damage upon your enemies.
   It affects your strength (+7).
 I - a +0 hunting sling of freezing
 M - a +5 demon whip of flaming (melded)
 Q - a +3 antimagic great mace
 U - a +1 scimitar of flaming
 W - a +1 antimagic battleaxe
Missiles
 G - 159 sling bullets
 J - 16 steel javelins (quivered)
Armour
 a - a +0 shield of reflection (melded)
 i - a scarf of spirit shield (melded)
 j - a +2 cloak
 k - a +2 helmet (melded)
 s - a +2 pair of gloves (melded)
 L - a +2 plate armour of positive energy (melded)
Jewellery
 E - a +2 ring of protection
 F - an amulet of regeneration (around neck)
 R - the ring of Traps (melded) {rCorr Dex+3}
   (You found it in a labyrinth)

   [ring of resist corrosion]

   It affects your dexterity (+3).
 V - an uncursed ring of positive energy
 Y - a ring of stealth (melded)
 Z - the amulet of the Four Winds {rN+ MR+++ Clar}
   (You found it in a labyrinth)

   [amulet of nothing]

   It protects you from negative energy.
   It affects your resistance to hostile enchantments.
   It protects you against confusion.
Wands
 d - a wand of disintegration (35)
 q - a wand of enslavement (15)
 r - a wand of acid (15)
 z - a wand of digging (17)
 B - a wand of scattershot (4)
Scrolls
 b - 3 scrolls of magic mapping
 f - 5 scrolls of teleportation
 g - 5 scrolls of enchant weapon
 h - 8 scrolls of remove curse
 m - 3 scrolls of fog
 n - a scroll of holy word
 w - 7 scrolls of identify
 x - 3 scrolls of fear
 N - 3 scrolls of enchant armour
 S - a scroll of silence
Potions
 e - 8 potions of lignification
 o - 13 potions of curing
 u - a potion of ambrosia
 v - 3 potions of resistance
 A - a potion of cancellation
 D - 3 potions of heal wounds
 H - a potion of agility
 K - a potion of invisibility
 O - 3 potions of might
 X - 3 potions of haste
Miscellaneous
 P - a box of beasts
Comestibles
 c - 32 rations
 C - 31 chunks of flesh


   Skills:
 + Level 14.2 Fighting
 + Level 0.1(12.6) Axes
 * Level 19.7 Maces & Flails
 + Level 3.4 Polearms
 + Level 13.6 Armour
 + Level 4.0 Dodging
 + Level 9.3 Shields


You had 15 spell levels left.
You didn't know any spells.
Your spell library was empty.

Dungeon Overview and Level Annotations

Branches:
Dungeon (15/15)            Temple (0/1) D:7            Lair (6/6) D:8
  Swamp (0/4) Lair:2        Snake (0/4) Lair:3        Slime (0/5) Lair:6
    Orc (2/2) D:10            Elf (1/3) Orc:2        Vaults (0/5) D:13
 Depths (0/5) D:15

Altars:
Cheibriados
Fedhas
Gozag
Nemelex Xobeh
Okawaru
Ru
Trog
Wu Jian
Zin
Beogh

Shops:
D:4 ?   D:9 :?!!   D:10 *}=   D:14 *   Orc:2 =:%(   Elf:1 (

Annotations:
D:9 potion shop scroll shop
D:10 ring shop
Lair:6 Kirke


Innate Abilities, Weirdness & Mutations

You are resistant to torment.
((Your stone body is resilient. (AC +12)))
You are immune to poison.
((Your large and strong wings let you fly indefinitely.))
You resist negative energy. (rN+)
((You are resistant to electric shocks. (rElec)))
((You can survive without breathing.))
You are immune to petrification.
You are immune to rotting.


Message History

The hog misses you. The harpy closely misses you. The harpy claws you!
The harpy screeches!
The harpy closely misses you. x2; The hog bites you!
The harpy misses you. The harpy closely misses you.
The harpy screeches!
The harpy closely misses you. The harpy claws you!
* * * LOW HITPOINT WARNING * * *
You feel much better.
The harpy screeches!
The harpy claws you! The harpy claws you. The harpy completely misses you.
The harpy claws you!
* * * LOW HITPOINT WARNING * * *
The harpy claws you!
* * * LOW HITPOINT WARNING * * *
The harpy claws you.
* * * LOW HITPOINT WARNING * * *
The hog bites you.
* * * LOW HITPOINT WARNING * * *
The hog bites you.
You die...

#.#.........# ##....## #...
#..#........# ♣♣.##....###....
##......#..###♣?..♣##......#P..
##........##....:.≈#.......PP.
#.#....(...#♣?.)..≈#..........
...........#(.....♣#..........
###.....####.....##.........#
##.#..######'''##.........#.
#..##...### #.HhH..............P
........######h.........#.#.....
##.#.......##hh........P##......
##.......{.........###.##....
##...h#{#...####..# ## ##...
##...#h##.## #..# #...
.........#....## . #...
#.....#...#.#...# ##..
.......#.†.....##... #..


You could see 2 harpies and 4 hogs.

Vanquished Creatures
  Donald (Orc:2)
  2 orc warlords (Orc:1)
  The ghost of nasorihs the Brawler, a journeyman TrMo (Lair:6)
  Louise (D:15)
  An ettin (Orc:2)
  A minotaur (Lab)
  Snorg (D:10)
  Harold (Lair:2)
  3 catoblepae
  An ice dragon (D:13)
  7 two-headed ogres
  9 hydras
  3 centaur warriors
  2 death yaks (D:8)
  2 tengu warriors (D:14)
  Urug (Lair:2)
  3 orc high priests
  4 deep elf knights (Elf:1)
  Sonja (Lair:2)
  A fire crab (Lair:5)
  An unseen horror (D:15)
  A wizard (D:13)
  2 necromancers
  3 wolf spider zombies
  5 orc knights
  6 deep elf magi
  8 orc sorcerers
  4 oklob plants (Lair:5)
  8 ugly things
  2 cyclopes
  A manticore (D:14)
  18 elephants
  6 black mambas
  2 centaur zombies (D:15)
  Joseph (D:8)
  6 spiny frogs
  2 torpor snails
  2 gargoyles
  7 komodo dragons
  A rime drake (Lair:6)
  2 tengu conjurers (D:12)
  A queen bee (D:13)
  6 trolls
  A harpy zombie (D:15)
  Grinder (D:6)
  3 meliai (D:13)
  5 polar bears (Lair:6)
  6 tyrant leeches (Lair:3)
  6 hornets
  10 blink frogs
  15 dream sheep
  6 slime creatures
  8 hippogriffs
  Sigmund (D:5)
  2 water elementals (D:15)
  40 yaks
  A spriggan (shapeshifter) (D:13)
  10 spriggans (Lair:6)
  2 wyverns
  A hog (Lair:6)
  3 wraiths
  4 fire elementals (D:15)
  A steam dragon (Lair:4)
  5 basilisks
  4 hungry ghosts
  19 vampire mosquitoes
  4 swamp worms (Lair:3)
  A soldier ant (D:12)
  Menkaure (D:5)
  9 wargs
  An insubstantial wisp (Lair:5)
  2 acid dragons
  3 hell hounds (D:15)
  16 water moccasins
  14 porcupines
  15 orc warriors
  3 sky beasts
  6 ice beasts
  5 phantoms
  2 black bears
  2 eyes of draining (D:15)
  A necrophage (D:8)
  5 boggarts (Lair:6)
  2 elephant zombies (Lair:5)
  7 ogres
  31 wolves
  17 centaurs
  11 crocodiles
  4 big kobolds
  19 bullfrogs
  A gnoll sergeant (D:9)
  8 scorpions
  26 killer bees
  2 wights (D:8)
  3 howler monkeys
  7 electric eels
  5 crimson imps
  4 bullfrog zombies
  13 hounds
  7 jellies
  10 orc priests
  Ijyb (D:5)
  4 bullfrog skeletons
  Jessica (D:3)
  6 centaur skeletons
  6 iguanas
  20 orc wizards
  7 worker ants
  Natasha (thrice) (D:4)
  A hell rat (D:8)
  A crocodile zombie (Lair:5)
  A hound zombie (D:5)
  A hound skeleton (D:5)
  A mummy (D:4)
  Robin (D:3)
  3 gnolls (Orc:1)
  2 river rats (D:8)
  16 adders
  5 shadow imps
  An adder skeleton (D:7)
  A worm (D:2)
  10 dart slugs
  3 leopard geckos
  61 orcs
  2 bats
  6 giant cockroaches
  11 goblins
  10 hobgoblins
  8 jackals
  24 kobolds
  9 quokkas
  3 ball pythons
  2 frilled lizards
  A leopard gecko skeleton (D:8)
  A leopard gecko zombie (D:5)
  4 rats
  A plant (Lair:3)
800 creatures vanquished.

Vanquished Creatures (collateral kills)
  Azrael (D:15)
  A death yak (D:8)
  An orc high priest (Orc:2)
  3 orc knights
  3 orc sorcerers
  A centaur skeleton (D:12)
  4 trolls
  A fire elemental (D:15)
  A hog (Lair:6)
  A vampire mosquito (Lair:2)
  A warg (Orc:1)
  An ice beast (D:8)
  9 orc warriors
  3 ogres
  A wyvern zombie (D:8)
  A wight (D:8)
  An electric eel (Lair:2)
  A quasit (D:8)
  3 orc priests
  2 orc wizards
  A worker ant (D:8)
  7 orcs
48 creatures vanquished.

Vanquished Creatures (others)
  An orc priest (D:12)
  An adder (D:11)
  2 dart slugs (D:6)
  A kobold (D:11)
  7 bushes (Lair:5)
  20 fungi
  17 plants
49 creatures vanquished.

Grand Total: 897 creatures vanquished

Notes
Turn   | Place    | Note
-------+----------+-------------------------------------------
     0 | D:1      | robertstho the Gargoyle Berserker began the quest for the Orb.
     0 | D:1      | Reached XP level 1. HP: 14/14 MP: 1/1
   305 | D:1      | Reached XP level 2. HP: 19/19 MP: 2/2
   802 | D:2      | Found an iron altar of Okawaru.
   805 | D:2      | Reached XP level 3. HP: 23/23 MP: 3/3
  1302 | D:3      | Reached skill level 4 in Maces & Flails
  1449 | D:3      | Reached XP level 4. HP: 24/28 MP: 4/4
  1452 | D:3      | Noticed Robin
  1473 | D:3      | Reached ** piety under Trog
  1499 | D:3      | Killed Robin
  1961 | D:3      | Noticed Jessica
  1967 | D:3      | Killed Jessica
  1967 | D:3      | Reached skill level 5 in Maces & Flails
  1967 | D:3      | Reached XP level 5. HP: 30/33 MP: 5/5
  2250 | D:4      | Found Jacsouna's Magic Scroll Shop.
  2250 | D:4      | Noticed a phantom
  2286 | D:4      | Bought a scroll of identify for 26 gold pieces
  2286 | D:4      | Bought a scroll of teleportation for 39 gold pieces
  2286 | D:4      | Bought a scroll of identify for 26 gold pieces
  2286 | D:4      | Bought a scroll of fog for 26 gold pieces
  2308 | D:4      | Reached XP level 6. HP: 30/38 MP: 6/6
  2341 | D:4      | Killed a phantom
  2341 | D:4      | Reached skill level 6 in Maces & Flails
  2412 | D:4      | Noticed Natasha
  2419 | D:4      | Killed Natasha
  2465 | D:4      | Noticed Natasha
  2483 | D:4      | Killed Natasha
  2483 | D:4      | Reached XP level 7. HP: 32/43 MP: 7/7
  2589 | D:4      | Noticed Natasha
  2598 | D:4      | Killed Natasha
  2692 | D:4      | Reached skill level 7 in Maces & Flails
  2818 | D:4      | Found a sand-covered staircase.
  3461 | D:5      | Entered Level 5 of the Dungeon
  3571 | D:5      | Noticed Ijyb
  3578 | D:5      | Killed Ijyb
  3583 | D:5      | Reached *** piety under Trog
  3589 | D:5      | Reached XP level 8. HP: 12/48 MP: 8/8
  3590 | D:5      | Found a blossoming altar of Fedhas.
  3849 | D:5      | Noticed Menkaure
  3857 | D:5      | Killed Menkaure
  3857 | D:5      | Reached skill level 8 in Maces & Flails
  4113 | D:5      | Reached skill level 5 in Armour
  4134 | D:5      | Noticed Sigmund
  4152 | D:5      | Killed Sigmund
  4152 | D:5      | Reached skill level 1 in Shields
  4440 | D:6      | Noticed Grinder
  4446 | D:6      | Paralysed by Grinder for 6 turns
  4464 | D:6      | Killed Grinder
  4464 | D:6      | Reached skill level 5 in Fighting
  4464 | D:6      | Reached skill level 9 in Maces & Flails
  4767 | D:6      | Reached XP level 9. HP: 54/54 MP: 9/9
  4874 | D:6      | Found a glowing silver altar of Zin.
  4880 | D:6      | Found a sparkling altar of Nemelex Xobeh.
  5386 | D:6      | Found a sacrificial altar of Ru.
  5511 | D:7      | Found an ornate altar of the Wu Jian Council.
  5511 | D:7      | Found a snail-covered altar of Cheibriados.
  5514 | D:7      | Found an opulent altar of Gozag.
  5780 | D:7      | Noticed a hornet
  5785 | D:7      | Killed a hornet
  5785 | D:7      | Reached skill level 1 in Polearms
  5827 | D:7      | Found a staircase to the Ecumenical Temple.
  6211 | D:7      | Reached skill level 10 in Maces & Flails
  6314 | D:8      | Reached **** piety under Trog
  6318 | D:8      | Noticed a death yak
  6331 | D:8      | Noticed a death yak
  6362 | D:8      | Killed a death yak
  6362 | D:8      | Reached XP level 10. HP: 60/60 MP: 6/10
  6436 | D:8      | Noticed a death yak
  6442 | D:8      | Killed a death yak
  6442 | D:8      | Reached skill level 11 in Maces & Flails
  6460 | D:8      | Killed a death yak
  6461 | D:8      | Noticed Joseph
  6570 | D:8      | Killed Joseph
  6659 | D:8      | Found a staircase to the Lair.
  6698 | D:8      | Found a blossoming altar of Fedhas.
  7179 | D:8      | Reached skill level 12 in Maces & Flails
  7240 | D:9      | Found Xaxab's Book Emporium.
  7373 | D:9      | Noticed a two-headed ogre
  7392 | D:9      | Killed a two-headed ogre
  7392 | D:9      | Reached XP level 11. HP: 48/67 MP: 8/11
  7408 | D:9      | Noticed a two-headed ogre
  7418 | D:9      | Killed a two-headed ogre
  7418 | D:9      | Reached skill level 13 in Maces & Flails
  7430 | D:9      | Noticed a two-headed ogre
  7430 | D:9      | Noticed a deep elf mage
  7789 | D:9      | Found Yceat's Distillery.
  7813 | D:9      | Killed a deep elf mage
  7830 | D:9      | Bought a potion of brilliance for 56 gold pieces
  7830 | D:9      | Bought a potion of degeneration for 14 gold pieces
  7830 | D:9      | Bought a potion of heal wounds for 70 gold pieces
  7830 | D:9      | Bought a potion of curing for 42 gold pieces
  7929 | D:9      | Killed a two-headed ogre
  7939 | D:9      | Reached ***** piety under Trog
  8204 | D:9      | Found Emuts's Armour Boutique.
  8303 | D:9      | Found Exiupnel's Distillery.
  8367 | D:9      | Found Xiorot's Magic Scroll Shoppe.
  8375 | D:9      | Bought a scroll of noise for 12 gold pieces
  8375 | D:9      | Bought a scroll of identify for 24 gold pieces
  8392 | D:10     | Entered Level 10 of the Dungeon
  8418 | D:10     | Noticed a two-headed ogre
  8426 | D:10     | Killed a two-headed ogre
  8587 | D:10     | Found Peucvoos's Gadget Shoppe.
  8587 | D:10     | Found a staircase to the Orcish Mines.
  8590 | D:10     | Found Folotage's Jewellery Emporium.
  8615 | D:10     | Noticed Snorg
  8625 | D:10     | Killed Snorg
  8625 | D:10     | Reached skill level 14 in Maces & Flails
  8714 | D:10     | Noticed a two-headed ogre
  8722 | D:10     | Killed a two-headed ogre
  9012 | D:10     | Found Piteex's Assorted Antiques.
  9157 | D:11     | Reached XP level 12. HP: 73/73 MP: 12/12
  9715 | D:11     | Noticed an eight-headed hydra
  9722 | D:11     | Killed an eight-headed hydra
  9738 | D:11     | Reached skill level 15 in Maces & Flails
 10200 | D:11     | Noticed a two-headed ogre
 10212 | D:11     | Killed a two-headed ogre
 10786 | D:12     | Noticed a seven-headed hydra
 10793 | D:12     | Killed a seven-headed hydra
 10802 | D:12     | Reached skill level 16 in Maces & Flails
 11111 | D:12     | Received a gift from Trog
 11202 | D:12     | Noticed a six-headed hydra
 11216 | D:12     | Killed a six-headed hydra
 11219 | D:12     | Reached XP level 13. HP: 75/80 MP: 6/13
 11853 | D:13     | Reached skill level 10 in Armour
 12211 | D:13     | Reached skill level 10 in Fighting
 12487 | D:13     | Noticed an ice dragon
 12506 | D:13     | Killed an ice dragon
 12506 | D:13     | Reached skill level 17 in Maces & Flails
 12719 | D:13     | Found a gate to the Vaults.
 13019 | D:14     | Found Qideeves's Assorted Antiques.
 13066 | D:14     | Received a gift from Trog
 13408 | D:14     | Gained mutation: Your large and strong wings let you fly indefinitely. [Gargoyle growth]
 13408 | D:14     | Reached XP level 14. HP: 90/90 MP: 14/14
 13868 | D:15     | Entered Level 15 of the Dungeon
 13870 | D:15     | Noticed Louise
 13886 | D:15     | Killed Louise
 14339 | D:15     | Noticed Azrael
 14353 | D:15     | Killed Azrael
 14774 | D:15     | Found a staircase to the Depths.
 14980 | D:15     | Reached skill level 18 in Maces & Flails
 15367 | Orc:1    | Entered Level 1 of the Orcish Mines
 15494 | Orc:1    | Found a roughly hewn altar of Beogh.
 15497 | Orc:1    | Noticed an orc warlord
 15509 | Orc:1    | Paralysed by an orc sorcerer for 2 turns
 15513 | Orc:1    | Received a gift from Trog
 15515 | Orc:1    | Killed an orc warlord
 15579 | Orc:1    | Noticed an orc warlord
 15742 | Orc:1    | Killed an orc warlord
 15742 | Orc:1    | Reached skill level 5 in Shields
 16057 | Orc:2    | Entered Level 2 of the Orcish Mines
 16643 | Orc:2    | Found a bloodstained altar of Trog.
 16694 | Orc:2    | Found a staircase to the Elven Halls.
 16879 | Orc:2    | Noticed Donald
 16898 | Orc:2    | Killed Donald
 16898 | Orc:2    | Reached XP level 15. HP: 89/97 MP: 9/15
 16997 | Orc:2    | Found Inurorat's Jewellery Emporium.
 17153 | Orc:2    | Found Opixta's Food Boutique.
 17159 | Orc:2    | Found Titol's Weapon Boutique.
 17161 | Orc:2    | Found Qoevaoq's Book Emporium.
 17397 | Elf:1    | Entered Level 1 of the Elven Halls
 17398 | Elf:1    | Found Mineor's Antique Weapon Shop.
 17420 | Elf:1    | Received a gift from Trog
 17492 | Elf:1    | Bought a bloodstained battleaxe for 253 gold pieces
 17794 | Lair:1   | Entered Level 1 of the Lair of Beasts
 19224 | Lair:1   | Identified the cursed +0 battleaxe of the Eleven Deaths {chop, +Rage MR+ Str+6 Dex+3} (You bought it in a shop on level 1 of the Elven Halls)
 19269 | D:9      | Bought a potion of resistance for 150 gold pieces
 19269 | D:9      | Bought a potion of curing for 45 gold pieces
 19269 | D:9      | Bought a potion of curing for 45 gold pieces
 19269 | D:9      | Bought a potion of heal wounds for 75 gold pieces
 19269 | D:9      | Bought a potion of curing for 45 gold pieces
 19269 | D:9      | Bought a potion of curing for 45 gold pieces
 19269 | D:9      | Bought a potion of curing for 45 gold pieces
 19269 | D:9      | Bought a potion of curing for 45 gold pieces
 19303 | D:9      | Bought a scroll of identify for 24 gold pieces
 19303 | D:9      | Bought a scroll of amnesia for 42 gold pieces
 19303 | D:9      | Bought a scroll of enchant armour for 90 gold pieces
 19319 | D:9      | Bought a potion of resistance for 140 gold pieces
 19319 | D:9      | Bought a potion of curing for 42 gold pieces
 19319 | D:9      | Bought a potion of curing for 42 gold pieces
 19319 | D:9      | Bought a potion of curing for 42 gold pieces
 19349 | D:10     | Bought a scroll of identify for 34 gold pieces
 19349 | D:10     | Bought a scroll of identify for 34 gold pieces
 19349 | D:10     | Bought a bubbling golden potion for 15 gold pieces
 19349 | D:10     | Bought a scroll of identify for 34 gold pieces
 19349 | D:10     | Bought a scroll of identify for 34 gold pieces
 19349 | D:10     | Bought a twisted coral ring for 85 gold pieces
 19349 | D:10     | Bought a scroll of identify for 34 gold pieces
 19456 | D:14     | Bought a potion of haste for 300 gold pieces
 19456 | D:14     | Bought a scroll of identify for 60 gold pieces
 19456 | D:14     | Bought a scroll of identify for 60 gold pieces
 19456 | D:14     | Bought a potion of heal wounds for 150 gold pieces
 19456 | D:14     | Bought a scroll of identify for 60 gold pieces
 19456 | D:14     | Bought a scroll of enchant armour for 225 gold pieces
 19456 | D:14     | Bought a scroll of teleportation for 90 gold pieces
 19793 | Lair:2   | Noticed Harold
 19810 | Lair:2   | Killed Harold
 19826 | Lair:2   | Noticed Sonja
 19836 | Lair:2   | Killed Sonja
 19849 | Lair:2   | Found a staircase to the Swamp.
 19950 | Lair:2   | Noticed Urug
 19973 | Lair:2   | Killed Urug
 20519 | Lair:3   | Found a labyrinth entrance.
 20528 | Lab      | Entered a labyrinth
 21108 | Lab      | Found the amulet of the Four Winds {rN+ MR+++ Clar}
 21108 | Lab      | Got a heavily runed tin ring
 21114 | Lab      | Identified the ring of Traps {rCorr Dex+3} (You found it in a labyrinth)
 21116 | Lab      | Got a slimy trident
 21117 | Lab      | Identified the +5 trident "Zisol" {pierce, Str+7} (You found it in a labyrinth)
 21214 | Lair:3   | Found a staircase to the Snake Pit.
 21720 | Lair:3   | Received a gift from Trog
 22038 | Lair:4   | Reached skill level 19 in Maces & Flails
 22881 | Lair:5   | Found an iron altar of Okawaru.
 22903 | Lair:5   | Reached XP level 16. HP: 98/104 MP: 14/16
 23724 | Lair:5   | You are sucked into a shaft!
 23724 | Lair:6   | Entered Level 6 of the Lair of Beasts
 23912 | Lair:6   | Reached ****** piety under Trog
 24115 | Lair:6   | Received a gift from Trog
 24457 | Lair:6   | Found a runed gate.
 24595 | Lair:6   | Found a staircase to the Slime Pits.
 24596 | Lair:6   | Found a runed gate.
 24596 | Lair:6   | Found a runed gate.
 24611 | Lair:6   | Noticed nasorihs's ghost (journeyman TrMo)
 24645 | Lair:6   | Killed nasorihs's ghost
 24649 | Lair:6   | Noticed Kirke
 24666 | Lair:6   | HP: 5/106 [hog[Kirke] (5)]
 24666 | Lair:6   | Slain by a hog

Vault maps used:
D:1:      tarquinn_simple_flora_water_c, minmay_misc_feat_columns,
          nrook_mini_backslash
D:2:      first_ration, okawaru_ov_weapons_minmay
D:3:      uniq_robin, uniq_jessica
D:4:      serial_shops, nicolae_shop_waterfront, gup_ossuary_entry_pyramid,
          amethyst_killhole, grunt_decor_clamped, uniq_natasha
D:5:      fedhas_bush_and_centaur_altar, uniq_ijyb, uniq_sigmund, uniq_menkaure
D:6:      kennysheep_slugbush, nemelex_xobeh_ov_fountains_minmay,
          lemuel_doored_altar, nicolae_ru_path_of_blood, uniq_grinder
D:7:      gammafunk_temple_overflow_forgotten, minmay_temple_entry_mist
D:8:      kennysheep_little_box, dpeg_lair_monsters, uniq_joseph
D:9:      minmay_the_grid_octo_2x2, serial_shops, shop, nicolae_shop_crystal,
          shop, shop, shop
D:10:     orc_0_dummy, serial_shops, shop, kennysheep_mini_moat,
          nicolae_shop_waterfront, uniq_snorg
D:13:     david_vaults_4
D:14:     serial_shops, shop, patterned_corridor
D:15:     grunt_enter_depths_magical_seal, chequers_big_river, uniq_louise,
          uniq_azrael
Lair:1:   lemuel_another_geyser
Lair:2:   minmay_swamp_entry_swarm, uniq_urug, uniq_harold, uniq_sonja
Lair:3:   minmay_snake_entry_six_corridors, lab_entry_generic, worms_lemuel,
          lemuel_fruit_fields, lemuel_fruit_tree, infiniplex_staircase_pool,
          serial_bayou_shore_b
Lair:5:   pond_and_an_island_with_a_cottage, serial_forest,
          infiniplex_forest_lined_room_2, infiniplex_forest_clump_tiny,
          infiniplex_forest_clump_diagonal, infiniplex_forest_lined_ring,
          infiniplex_forest_end_1, infiniplex_forest_clump_tiny, basic_altar,
          minmay_holes, nicolae_lair_grove_arrangements, minmay_hedge_maze,
          pond, minmay_lair_oklob_chamber
Lair:6:   minmay_lair_end_enchanted_forest, minmay_slime_entry_jelly_boxes,
          gammafunk_ghost_hydra_chop, uniq_kirke
Orc:1:    basic_altar
Orc:2:    st_orc_elflike, basic_altar, uniq_donald
Elf:1:    serial_shops, nicolae_shop_overgrown_old_shop, minivault_28
Lab:      labyrinth_mini_lab, nicolae_lab_t_cross, nicolae_lab_checkerboard

Skill      XL: |  1  2  3  4  5  6  7  8  9 10 11 12 13 14 15 16 |
---------------+-------------------------------------------------+-----
Maces & Flails | 4 5 6 7 9 10 12 14 16 17 18 19 | 19.7
Armour         | 3 4 5 7 8 9 11 12 13 | 13.6
Fighting       | 4 5 6 7 8 9 11 12 13 14 | 14.2
Shields        | 2 5 7 9 |  9.3
Dodging        | 2 3 4 |  4.0
Polearms       | 3 |  3.4
Axes           | |  0.1

Action                   |  1- 3 |  4- 6 |  7- 9 | 10-12 | 13-15 | 16-18 || total
-------------------------+-------+-------+-------+-------+-------+-------++-------
Melee: Mace              |   116 |   167 |   255 |       |       |       ||   538
       Scythe            |       |       |   108 |       |       |       ||   108
       Morningstar       |       |       |    60 |   670 |       |       ||   730
       Demon whip        |       |       |       |    20 |  1558 |   586 ||  2164
       Broad axe         |       |       |       |       |     8 |       ||     8
       Unarmed           |       |       |       |       |       |     8 ||     8
Invok: Berserk           |       |     2 |    10 |    12 |    12 |     1 ||    37
       Trog's Hand       |       |     1 |       |     1 |     4 |       ||     6
       Brothers in Arms  |       |       |       |     3 |     6 |     1 ||    10
 Abil: Fly               |       |       |       |       |     1 |       ||     1
  Use: Potion            |       |     2 |       |       |     5 |     1 ||     8
       Scroll            |       |       |     8 |     4 |    21 |       ||    33
 Stab: Distracted        |       |       |       |     1 |       |       ||     1
       Petrified         |       |       |       |       |       |     3 ||     3
  Eat: Chunk             |     2 |     6 |    15 |    18 |    30 |     7 ||    78
       Ration            |       |       |     2 |     4 |     8 |       ||    14
Armor: Plate armour      |    92 |   186 |   391 |   553 |   938 |   336 ||  2496
Dodge: Dodged            |    41 |    67 |   157 |   288 |   359 |   157 ||  1069
Block: Buckler           |       |       |    57 |       |       |       ||    57
       Large shield      |       |       |       |       |   209 |       ||   209
       Shield            |       |       |       |       |   216 |   295 ||   511
       Reflection        |       |       |       |       |     8 |     4 ||    12

Table legend:
 A = Spawn XP
 B = Non-spawn XP
 C = Spawn XP percentage of total XP
 D = Spawn monster count
 E = Non-spawn monster count
 F = Spawn count percentage of total count
 G = Total turns spent on level
                    A         B        C        D         E        F      G
               +---------+---------+-------+---------+---------+-------+---------
         Total |       0 |  164889 |   0.0 |       0 |     847 |   0.0 | 24666
               +---------+---------+-------+---------+---------+-------+---------
           D:1 |       0 |      15 |   0.0 |       0 |       6 |   0.0 |   628
           D:2 |       0 |      39 |   0.0 |       0 |      13 |   0.0 |   732
           D:3 |       0 |     138 |   0.0 |       0 |      25 |   0.0 |   915
           D:4 |       0 |     757 |   0.0 |       0 |      20 |   0.0 |  1330
           D:5 |       0 |     896 |   0.0 |       0 |      18 |   0.0 |   941
           D:6 |       0 |     819 |   0.0 |       0 |      21 |   0.0 |  1152
           D:7 |       0 |    1048 |   0.0 |       0 |      20 |   0.0 |   952
           D:8 |       0 |    4357 |   0.0 |       0 |      48 |   0.0 |   946
           D:9 |       0 |    5772 |   0.0 |       0 |      34 |   0.0 |  1358
          D:10 |       0 |    3528 |   0.0 |       0 |      12 |   0.0 |   981
          D:11 |       0 |    5257 |   0.0 |       0 |      45 |   0.0 |  1246
          D:12 |       0 |   10115 |   0.0 |       0 |      57 |   0.0 |  1403
          D:13 |       0 |   11865 |   0.0 |       0 |      70 |   0.0 |  1520
          D:14 |       0 |   10626 |   0.0 |       0 |      37 |   0.0 |  1373
          D:15 |       0 |   18305 |   0.0 |       0 |      45 |   0.0 |  1135
        Lair:1 |       0 |    2230 |   0.0 |       0 |      12 |   0.0 |   654
        Lair:2 |       0 |    5630 |   0.0 |       0 |      19 |   0.0 |   878
        Lair:3 |       0 |    7861 |   0.0 |       0 |      44 |   0.0 |   942
        Lair:4 |       0 |    4564 |   0.0 |       0 |      24 |   0.0 |   634
        Lair:5 |       0 |   18015 |   0.0 |       0 |      61 |   0.0 |  1172
        Lair:6 |       0 |   24394 |   0.0 |       0 |      86 |   0.0 |   942
         Orc:1 |       0 |    7424 |   0.0 |       0 |      61 |   0.0 |   591
         Orc:2 |       0 |   12850 |   0.0 |       0 |      49 |   0.0 |  1447
         Elf:1 |       0 |    6684 |   0.0 |       0 |      16 |   0.0 |   202
           Lab |       0 |    1700 |   0.0 |       0 |       4 |   0.0 |   592
               +---------+---------+-------+---------+---------+-------+---------
